 Dungeon Crawl Stone Soup version 0.23.2-40-g277498a001 (webtiles) character file.

Game seed: 12897918747409595615

16635 Leekoo the Impaler (level 12, -14/97 HPs)
             Began as a Merfolk Abyssal Knight on Sept 29, 2019.
             Was a High Priest of Lugonu.
             Demolished by a two-headed ogre
             ... wielding a +0 giant spiked club
              (34 damage)
             ... on level 13 of the Dungeon.
             The game lasted 02:08:13 (17466 turns).

Leekoo the Impaler (Merfolk Abyssal Knight)        Turns: 17466, Time: 02:08:14

Health: -14/97     AC:  7    Str: 16    XL:     12   Next: 39%
Magic:  19/20      EV: 16    Int: 13    God:    Lugonu [*****.]
Gold:   783        SH:  2    Dex: 13    Spells: 11/11 levels left

rFire    . . .     SeeInvis +   Z - +2 glaive (venom)
rCold    . . .     Gourm    .   (shield currently unavailable)
rNeg     . . .     Faith    .   r - +0 ring mail
rPois    .         Spirit   .   (no helmet)
rElec    .         Reflect  +   h - +0 cloak
rCorr    .         Harm     .   d - +0 pair of gloves
MR       .....                  (no boots)
Stlth    +.........             i - amulet of the Dragon {Reflect +Inv SH+2}
HPRegen  0.26/turn              l - ring of see invisible
MPRegen  0.17/turn              k - +2 ring of slaying

@: lightly drained
A: change form in water, swift swim, stealthy swim, screaming 1
a: Depart the Abyss, Bend Space, Banish, Corrupt, Enter the Abyss, Renounce
Religion, Evoke Invisibility


You were on level 13 of the Dungeon.
You worshipped Lugonu.
Lugonu was extremely pleased with you.
You were not hungry.

You visited 1 branch of the dungeon, and saw 14 of its levels.
You visited the Abyss 1 time.
You also visited: Ossuary.

You collected 1080 gold pieces.
You spent 297 gold pieces at shops.

Inventory:

Hand Weapons
 Z - a +2 glaive of venom (weapon)
Armour
 d - a +0 pair of gloves (worn)
 h - a +0 cloak (worn)
 r - a +0 ring mail (worn)
 B - a +0 chain mail of fire resistance
 J - a +1 robe of fire resistance
 P - a +2 shield
 W - a +1 robe of cold resistance
Magical Staves
 N - an uncursed staff of air {unknown}
 Q - an uncursed staff of earth {unknown}
 V - an uncursed staff of power {unknown}
Jewellery
 e - a +3 amulet of reflection
 f - an uncursed amulet of harm {unknown}
 i - the amulet of the Dragon (around neck) {Reflect +Inv SH+2}
   (You found it on level 6 of the Dungeon)

   [amulet of reflection]

   It shields you and reflects attacks.
   It lets you turn invisible.
   It affects your SH (+2).
 k - a +2 ring of slaying (right hand)
 l - a ring of see invisible (left hand)
 q - an uncursed ring of positive energy
 v - an uncursed ring of ice
 G - the ring of Cezerch {*Contam +Inv rN+++ Int+4 Dex-2}
   (You found it on level 11 of the Dungeon)

   [ring of intelligence]

   It affects your intelligence (+4).
   It affects your dexterity (-2).
   It renders you almost immune to negative energy.
   It lets you turn invisible.
   It causes magical contamination when unequipped.
 U - an uncursed ring of ice
Wands
 T - a wand of flame (13)
 X - a wand of polymorph (4)
Scrolls
 g - a scroll of magic mapping {unknown}
 o - 4 scrolls of noise
 p - 6 scrolls of remove curse
 s - 3 scrolls of amnesia
 u - 4 scrolls of teleportation {unknown}
 y - 3 scrolls of fog {unknown}
 C - 2 scrolls of acquirement {unknown}
 F - 2 scrolls of immolation {unknown}
 I - a scroll of enchant weapon {unknown}
 M - 5 scrolls of enchant armour
 O - a scroll of summoning {unknown}
 R - 2 scrolls of silence {unknown}
 Y - 3 scrolls of blinking {unknown}
Potions
 a - 3 potions of heal wounds
 b - a potion of resistance {unknown}
 j - 3 potions of magic {unknown}
 m - 3 potions of brilliance {unknown}
 n - 2 potions of ambrosia {unknown}
 w - 2 potions of lignification {unknown}
 x - 5 potions of curing
 z - 4 potions of haste {unknown}
 A - 2 potions of might
 D - a potion of agility
 E - a potion of cancellation {unknown}
 K - a potion of mutation {unknown}
 L - a potion of berserk rage {unknown}
 S - 2 potions of flight {unknown}
Comestibles
 c - 21 rations
 t - a chunk of flesh


   Skills:
 + Level 9.7(9.5) Fighting
 * Level 15.9(15.6) Polearms
 - Level 0.6(0.3) Armour
 + Level 11.0(10.7) Dodging
 + Level 10.9(10.6) Invocations
 - Level 5.0(4.7) Evocations


You had 11 spell levels left.
You didn't know any spells.
Your spell library contained the following spells:

 Spells                   Type           Power        Failure   Level  Hunger
 Confusing Touch          Hex            #.....       52%         1    ##.....
 Confuse                  Hex            #.......     87%         3    ####...
 Gell's Gravitas          Tloc           #.........   87%         3    ####...
 Petrify                  Tmut/Erth      #.......     99%         4    #####..
 Metabolic Englaciation   Hex/Ice        #.........   100%        5    ######.
 Yara's Violent Unravell  Hex/Tmut       #.........   100%        5    ######.


Dungeon Overview and Level Annotations

Branches:
Dungeon (14/15)            Temple (0/1) D:7            Lair (0/6) D:10
    Orc (0/2) D:12
 Vaults: D:13-14

Altars:
Ashenzari
Dithmenos
Fedhas
Nemelex Xobeh
Ru
Sif Muna
Vehumet
Xom
Beogh

Shops:
D:12 (

Portals:
Trove: D:10 (give 5 scrolls of blinking)

Annotations:
D:9 2 transporters, exclusion: 2 downstairs, weresquid's ghost, novice DsGl
Abyss:1 Erica


Innate Abilities, Weirdness & Mutations

You revert to your normal form in water You are very nimble and swift while swimming.
You are very stealthy in the water. (Stealth+)
You occasionally shout uncontrollably at your foes.


Message History

The two-headed ogre completely misses you. x2
You climb upwards.
There is a stone staircase leading down here.
You hit the two-headed ogre.
The two-headed ogre is heavily wounded.
You block the two-headed ogre's attack. The two-headed ogre misses you.
You completely miss the two-headed ogre.
The two-headed ogre is heavily wounded.
The two-headed ogre closely misses you.
The two-headed ogre hits you with a +0 giant club!
You slash the two-headed ogre!
The two-headed ogre looks as sick as possible!
The two-headed ogre is almost dead.
The two-headed ogre hits you with a +0 giant spiked club!! x2
The two-headed ogre misses you.
The two-headed ogre hits you with a +0 giant club!!
* * * LOW HITPOINT WARNING * * *
Space bends around you!
You blink.
The two-headed ogre hits you with a +0 giant spiked club!!
You die...

..................)....
...#####...............
.......#...###'#...........
.......'.....[.#...........
......<#.......+......#####
.......#.......###....#
.......#.........#....#
.....#.........#....#
#..#÷.@......#....#
#../...O.....#
#..#..§O......#
##.############ #. #. #. ..
..


You could see 2 two-headed ogres.

Vanquished Creatures
  Josephine (D:11)
  A deep elf mage (D:12)
  A cyclops (D:11)
  A gargoyle (D:13)
  4 kobold demonologists (D:11)
  5 trolls
  2 hippogriffs
  Sigmund (D:6)
  11 yaks
  A spriggan (D:11)
  Eustachio (D:6)
  4 wraiths (D:11)
  2 wyverns
  2 vampire mosquitoes (D:13)
  A hungry ghost (D:9)
  A water moccasin (D:11)
  Duvessa (D:6)
  A floating eye (shapeshifter) (D:12)
  A sky beast (D:5)
  4 orc warriors
  2 ice beasts
  5 phantoms
  An eye of draining (D:13)
  A black bear (shapeshifter) (D:13)
  2 wolves (D:12)
  13 centaurs
  9 ogres
  Blork the orc (D:5)
  Dowan (D:6)
  7 bullfrogs
  A wyvern zombie (D:11)
  2 wyvern skeletons
  A water moccasin skeleton (D:8)
  2 scorpions (D:9)
  4 wights
  6 howler monkeys
  4 crimson imps
  2 centaur zombies
  11 orc priests
  2 jellies
  6 orc wizards
  12 hounds
  5 centaur skeletons
  A bullfrog skeleton (D:5)
  9 worker ants
  A big kobold zombie (Ossuary)
  8 mummies (Ossuary)
  2 worker ant zombies (D:5)
  11 gnolls
  13 adders
  3 shadow imps
  4 oozes
  3 adder skeletons
  3 worms
  4 dart slugs
  4 leopard geckos
  77 orcs
  9 bats
  4 giant cockroaches
  A gnoll zombie (Ossuary)
  10 goblins
  7 hobgoblins
  3 jackals (D:7)
  6 quokkas
  2 frilled lizards (D:1)
  A goblin zombie (D:4)
  A jackal skeleton (D:5)
  14 kobolds
  3 kobold zombies (Ossuary)
  A leopard gecko skeleton (D:6)
  3 orc zombies (Ossuary)
  4 rats
  A rat zombie (D:4)
359 creatures vanquished.

Vanquished Creatures (others)
  A two-headed ogre (D:10)
  A cyclops (D:11)
  A gargoyle (D:12)
  A hippogriff (D:8)
  A basilisk (D:12)
  3 wights (D:10)
8 creatures vanquished.

Grand Total: 367 creatures vanquished

Notes
Turn   | Place    | Note
-------+----------+-------------------------------------------
     0 | Abyss:1  | Leekoo the Merfolk Abyssal Knight began the quest for the
                  | Orb.
     0 | Abyss:1  | Reached XP level 1. HP: 18/18 MP: 2/2
    49 | D:1      | Escaped the Abyss
   290 | D:1      | Reached XP level 2. HP: 24/24 MP: 3/3
   758 | D:1      | Reached XP level 3. HP: 25/29 MP: 4/4
  1017 | D:1      | Reached ** piety under Lugonu
  1186 | D:2      | Reached skill level 4 in Polearms
  1318 | D:3      | Reached XP level 4. HP: 37/37 MP: 6/6
  1929 | D:2      | Reached XP level 5. HP: 42/42 MP: 7/7
  1976 | D:2      | Reached skill level 5 in Polearms
  2770 | D:3      | Noticed a phantom
  2845 | D:3      | Killed a phantom
  2845 | D:3      | Reached XP level 6. HP: 41/48 MP: 7/9
  3218 | D:4      | Reached *** piety under Lugonu
  3259 | D:4      | Found a sacrificial altar of Ru.
  3290 | D:4      | Reached skill level 6 in Polearms
  3332 | D:4      | Found a blossoming altar of Fedhas.
  3471 | D:4      | Noticed a phantom
  3475 | D:4      | Found a sand-covered staircase.
  3520 | D:4      | Killed a phantom
  3520 | D:4      | Reached XP level 7. HP: 54/55 MP: 10/10
  3571 | Ossuary  | Entered an ossuary
  3651 | Ossuary  | Reached skill level 5 in Invocations
  3736 | Ossuary  | Reached skill level 7 in Polearms
  4157 | D:4      | Found a sparkling altar of Nemelex Xobeh.
  4157 | D:4      | Found a shimmering altar of Xom.
  4208 | D:5      | Entered Level 5 of the Dungeon
  4650 | D:5      | Reached skill level 5 in Dodging
  4939 | D:5      | Reached skill level 5 in Fighting
  4939 | D:5      | Reached XP level 8. HP: 62/62 MP: 12/12
  5109 | D:5      | Noticed Blork the orc
  5124 | D:5      | Killed Blork the orc
  5124 | D:5      | Reached skill level 8 in Polearms
  5275 | D:6      | Noticed Duvessa
  5276 | D:6      | Noticed Dowan
  5410 | D:6      | Killed Duvessa
  5410 | D:6      | Reached **** piety under Lugonu
  5428 | D:6      | Killed Dowan
  5676 | D:5      | Found a shimmering altar of Xom.
  5848 | D:6      | Reached skill level 9 in Polearms
  5885 | D:6      | Noticed Eustachio
  5927 | D:6      | Killed Eustachio
  6118 | D:6      | Reached XP level 9. HP: 69/69 MP: 14/14
  6144 | D:6      | Got a crude zirconium amulet
  6167 | D:6      | Identified the amulet of the Dragon {Reflect +Inv SH+2}
                  | (You found it on level 6 of the Dungeon)
  6275 | D:6      | Found a shattered altar of Ashenzari.
  6330 | D:6      | Reached skill level 10 in Polearms
  6967 | D:6      | Noticed Sigmund
  7066 | D:6      | Killed Sigmund
  7281 | D:7      | Reached ***** piety under Lugonu
  7471 | D:7      | Found a deep blue altar of Sif Muna.
  7713 | D:7      | Found a staircase to the Ecumenical Temple.
  8348 | D:8      | Reached skill level 11 in Polearms
  8630 | D:8      | Reached skill level 1 in Evocations
  8880 | D:8      | Found a roughly hewn altar of Beogh.
  9239 | D:8      | Reached XP level 10. HP: 75/79 MP: 16/16
 10077 | D:9      | Found a transporter.
 10078 | D:9      | Noticed a death knight
 10080 | D:9      | Noticed a skeletal warrior
 10084 | D:9      | Noticed weresquid's ghost (novice DsGl)
 10163 | D:9      | Reached skill level 12 in Polearms
 10192 | D:9      | Found a transporter.
 10208 | D:9      | Found a radiant altar of Vehumet.
 10909 | D:10     | Entered Level 10 of the Dungeon
 11057 | D:10     | Found a portal to a secret trove of treasure.
 11187 | D:10     | Noticed Erica
 11188 | D:10     | Banished Erica
 11922 | D:10     | Reached skill level 13 in Polearms
 12196 | D:10     | Reached XP level 11. HP: 53/86 MP: 18/18
 12396 | D:10     | Noticed a two-headed ogre
 12824 | D:10     | Banished a two-headed ogre
 12837 | D:10     | Found a staircase to the Lair.
 13065 | D:11     | Noticed a cyclops
 13067 | D:11     | Banished a cyclops
 13247 | D:12     | Noticed a two-headed ogre
 13260 | D:12     | Noticed a glowing shapeshifter
 13260 | D:12     | a two-headed ogre changed into a glowing shapeshifter
 13261 | D:12     | a glowing shapeshifter changed into a water nymph
 13262 | D:12     | Noticed a death drake
 13262 | D:12     | a water nymph changed into a death drake
 13267 | D:12     | a death drake changed into a snapping turtle
 13272 | D:12     | Noticed a lindwurm
 13272 | D:12     | a snapping turtle changed into a lindwurm
 13277 | D:12     | Noticed a salamander
 13277 | D:12     | a lindwurm changed into a salamander
 13278 | D:12     | Noticed an orb spider
 13278 | D:12     | a salamander changed into an orb spider
 13280 | D:12     | an orb spider changed into a hippogriff
 13286 | D:12     | Noticed a salamander
 13286 | D:12     | a spriggan changed into a salamander
 13288 | D:12     | Noticed a lindwurm
 13288 | D:12     | a salamander changed into a lindwurm
 13295 | D:12     | a lindwurm changed into a floating eye
 13876 | D:12     | Noticed a deep elf mage
 13888 | D:12     | Killed a deep elf mage
 13888 | D:12     | Reached skill level 14 in Polearms
 14069 | D:12     | Reached skill level 10 in Invocations
 14209 | D:12     | Found Gipnikke's Weapon Emporium.
 14209 | D:12     | Found a staircase to the Orcish Mines.
 14241 | D:12     | Bought a +2 glaive of venom for 297 gold pieces
 14411 | D:12     | Reached skill level 5 in Evocations
 14485 | D:12     | Found a shadowy altar of Dithmenos.
 14499 | D:12     | Reached skill level 10 in Dodging
 14705 | D:11     | Noticed Josephine
 14721 | D:11     | Noticed a sixfirhy
 15074 | D:11     | Noticed a cyclops
 15479 | D:11     | Killed a cyclops
 15479 | D:11     | Reached skill level 15 in Polearms
 15644 | D:11     | Got a twitching marble ring
 15665 | D:11     | Killed Josephine
 15665 | D:11     | Reached XP level 12. HP: 67/95 MP: 17/19
 16243 | D:12     | Noticed an ice dragon
 16449 | D:12     | Identified the ring of Cezerch {*Contam +Inv rN+++ Int+4
                  | Dex-2} (You found it on level 11 of the Dungeon)
 16453 | D:12     | Gained mutation: You occasionally shout uncontrollably at
                  | your foes. [mutagenic glow]
 17454 | D:14     | Noticed a two-headed ogre
 17454 | D:14     | Noticed a two-headed ogre
 17466 | D:13     | Demolished by a two-headed ogre

Skill      XL: |  1  2  3  4  5  6  7  8  9 10 11 12 |
---------------+-------------------------------------+-----
Dodging        | 3 4 5 6 7 9 10 11 | 11.0
Polearms       | 4 5 6 7 9 11 13 15 | 15.9
Invocations    | 3 4 5 7 8 9 10 | 10.9
Fighting       | 4 5 7 8 9 |  9.7
Evocations     | 1 3 5 |  5.0
Armour         | |  0.6

Action                   |  1- 3 |  4- 6 |  7- 9 | 10-12 || total
-------------------------+-------+-------+-------+-------++-------
Melee: Spear             |   114 |   211 |   592 |    96 ||  1013
       Halberd           |       |       |       |   388 ||   388
       Glaive            |       |       |       |   230 ||   230
Invok: Banish            |       |       |       |    10 ||    10
       Bend Space        |       |       |       |     1 ||     1
 Abil: Evoke Invisibilit |       |       |       |     1 ||     1
Evoke: Wand              |       |       |       |    13 ||    13
  Use: Scroll            |       |     3 |     7 |     1 ||    11
       Potion            |       |       |     1 |     3 ||     4
 Stab: Confused          |       |       |       |     2 ||     2
       Invisible         |       |       |       |     4 ||     4
       Distracted        |       |       |       |     1 ||     1
  Eat: Chunk             |     1 |     7 |    15 |    17 ||    40
       Ration            |       |       |     1 |     4 ||     5
Armor: Leather armour    |    16 |       |       |       ||    16
       Ring mail         |       |    35 |    52 |    81 ||   168
Dodge: Dodged            |    52 |    59 |   153 |   305 ||   569
Block: Other             |       |    10 |    22 |    35 ||    67
       Reflection        |       |     1 |       |     3 ||     4
